Cogmind - Beta 14 @@@ ROGUE MODE // 2024.11.12 @ 15:42:20 Player: Fangrelle Result: Destroyed by Y-54 Guardian with Flak Gun Performance ------------- Evolutions (3) 1500 Regions Visited (7) 1400 Robots Destroyed (119) 595 Value Destroyed (4518) 4518 Prototype IDs (35) 700 Alien Tech Used (0) 0 Bonus (639) 639 TOTAL SCORE: 9352 Bonus ------- High Alert Combat Kills 302 Follower Combat Kills 160 Aligned with FarCom 300 Friendly Fire -123 Cogmind --------- Core Integrity 0/700 Matter 114/300 Energy 49/100 System Corruption 23% Temperature Cool (4) Movement Core (250) Ox4 Location -7/Lower Caves Parts ------- > --- POWER (1) -------- (None) > --- PROPULSION (6) --- (None) > --- UTILITY (4) ------ Advanced Targeting Computer Advanced Targeting Computer Actuator Array Shield Generator > --- WEAPON (2) ------- Makeshift Hammer Ripper > --- INVENTORY (5) ---- Humpback Cloak of Protection Improved Trap Extractor (0/6) Remote Datajack Peak State ------------ > --- POWER ------------ Micro Nuclear Core > --- PROPULSION ------- Aluminum Leg Carbon-fiber Leg Gravmag System Gravmag System Gravmag System Cooled Airjet > --- UTILITY ---------- Large Storage Unit Advanced Targeting Computer Advanced Targeting Computer Advanced Targeting Computer > --- WEAPON ----------- Improved Spread Laser Mini Assault Cannon > --- INVENTORY -------- Micro Nuclear Core Cryofiber Web Advanced Heat Sink Humpback Improved Signal Interpreter Advanced Targeting Computer Advanced ECM Suite Cloak of Protection Improved Propulsion Shielding Improved Trap Extractor Advanced Assault Cannon Magnetic Acceleration Cannon Proton Missile Launcher Remote Datajack [Rating: 50] Favorites ----------- Power Light Nuclear Core Engine Light Angular Momentum Engine Power Core Light Nuclear Core Propulsion Light Treads Treads Light Treads Leg Carbon-fiber Leg Wheel Wheel Hover Unit Hover Unit Flight Unit Xenon Bombardment Thruster Utility Advanced Targeting Computer Device Trap Scanner Storage Large Storage Unit Processor Advanced Targeting Computer Hackware System Shield Protection Light Armor Plating Weapon EM Pulse Gun Energy Gun EM Pulse Gun Energy Cannon Cooled Particle Cannon Ballistic Gun Enhanced Autogun Ballistic Cannon Advanced Assault Cannon Launcher Grenade Launcher Special Weapon Remote Datajack Impact Weapon Makeshift Hammer Slashing Weapon Katana Special Melee Weapon Improved Datajack Build | -11 -10 -10 -10 -9 -8 -7 -7 ------- Run | Yrd Mat Min Exi Min Mat Fac Low Slots Evolved 6 | . . . . . 4 2 . Power . | . . . . . . . . Propulsion 4 | . . . . . 4 . . Utility 2 | . . . . . . 2 . Weapon . | . . . . . . . . Parts Attached 159 | . 14 4 1 3 51 81 5 Power 13 | . 1 1 . . 2 9 . Engine 5 | . . . . . 2 3 . Core 8 | . 1 1 . . . 6 . Reactor . | . . . . . . . . Propulsion 48 | . 6 1 . 1 13 27 . Treads 13 | . 3 1 . . 4 5 . Leg 10 | . . . . . 3 7 . Wheel 6 | . 3 . . 1 2 . . Hover 15 | . . . . . 4 11 . Flight 4 | . . . . . . 4 . Utility 45 | . 3 1 1 . 15 23 2 Device 19 | . 1 1 . . 3 12 2 Storage 7 | . 1 . 1 . 3 2 . Processor 7 | . . . . . 1 6 . Hackware 1 | . . . . . . 1 . Protection 11 | . 1 . . . 8 2 . Artifact . | . . . . . . . . Weapon 53 | . 4 1 . 2 21 22 3 Energy Gun 12 | . 4 . . . 2 6 . Energy Cannon 2 | . . . . . . 2 . Ballistic Gun 12 | . . . . . 6 6 . Ballistic Cannon 5 | . . . . . . 5 . Launcher 5 | . . . . 1 3 1 . Special Weapon 1 | . . . . . . 1 . Impact Weapon 2 | . . . . . . 1 1 Slashing Weapon 11 | . . . . 1 9 . 1 Piercing Weapon . | . . . . . . . . Special Melee Weapon 3 | . . 1 . . 1 . 1 Unidentified Prototypes 12 | . . . . . 3 9 . Corrupted Parts 1 | . . . . . . 1 . System Corruption 1 | . . . . . . 1 . Parts Lost 59 | . 2 1 . 1 19 36 . Power 4 | . . . . . 2 2 . Propulsion 29 | . 1 . . . 9 19 . Utility 12 | . . 1 . . 4 7 . Weapon 14 | . 1 . . 1 4 8 . Highest Loss Streak 7 | . 2 1 . 1 6 7 . To Critical Strikes . | . . . . . . . . Average Slot Usage (%) 80 | . 98 100 87 84 80 73 44 Engine 1 | . . . . . 6 2 . Core 7 | . 13 14 14 14 1 4 . Treads 12 | . 24 28 28 27 9 3 . Leg 4 | . . . . . 1 9 . Wheel 1 | . 3 . . . 6 . . Hover 6 | . . . . . 21 8 . Flight 1 | . . . . . . 2 . Device 3 | . 1 14 2 . . 3 15 Storage 9 | . 15 14 13 14 9 6 . Processor 7 | . . . . . 1 13 15 Protection 2 | . 9 . . . 6 1 . Energy Gun 9 | . 27 24 14 13 . 5 . Energy Cannon 1 | . . . . . . 2 . Ballistic Gun 1 | . . . . . . 3 . Slashing Weapon 2 | . . . . . 14 . 5 Special Melee Weapon 3 | . . 3 14 12 . . . Peak Build Rating 50 | 6 10 13 14 14 24 50 21 Average Rating 24 | 6 9 10 13 13 17 35 19 On Entrance 12 | 6 6 10 13 14 14 24 11 Naked Turns . | . . . . . . . . Heaviest Build 210 | 11 34 29 208 210 36 48 13 Greatest Support 50 | 20 40 40 40 40 45 50 3 Greatest Overweight (x) 20 | . 3 . 5 20 10 13 4 Average Overweight (x) 1 | . . . 2 5 1 1 3 Largest Inventory Capacity 35 | 8 15 15 35 35 35 15 5 Average Capacity 18 | 8 14 15 30 35 15 14 5 Most Carried 22 | 6 15 15 22 22 21 15 5 Average Carried 14 | 6 10 14 18 21 13 13 4 Final Capacity 35 | 8 15 15 35 35 15 5 5 Final Carried 22 | 6 14 15 22 21 15 4 5 Class Distribution -------------------- 51% | Mutant 25% | Scavenger-Mutant 19% | Hauler-Mutant Dominant Class ---------------- Mutant | -10/Materials Mutant | -10/Mines Hauler-Mutant | -10/Exiles Hauler-Mutant | -9/Mines Scavenger-Mutant | -8/Materials Mutant | -7/Factory Gladiator | -7/Lower Caves Resources | -11 -10 -10 -10 -9 -8 -7 -7 ----------- Run | Yrd Mat Min Exi Min Mat Fac Low Matter Collected 4069 | 200 404 294 20 109 806 2113 123 Remotely . | . . . . . . . . Salvage Created 4588 | . 510 100 . 180 1303 2495 . Parts 226 | . 17 3 . 11 62 133 . Haulers Intercepted 3 | . . . . . 2 1 . Recyclers Shooed 6 | . . . . 1 . 5 . Parts Field Recycled . | . . . . . . . . Retrieved Matter . | . . . . . . . . Parts Self-Destructed 1 | . . . . . . . 1 Prevented . | . . . . . . . . Kills | -11 -10 -10 -10 -9 -8 -7 -7 ------- Run | Yrd Mat Min Exi Min Mat Fac Low Combat Hostiles Destroyed 89 | . 10 2 . 4 25 48 . Melee 12 | . . . . 1 11 . . Guns 40 | . 9 2 . . 7 22 . Cannons 17 | . . . . . . 17 . AOE 18 | . . . . 3 7 8 . Classes Destroyed 15 | . 3 . . 1 6 5 . Worker 2 | . . . . . . 2 . Builder 3 | . . . . . 2 1 . Tunneler 4 | . . . . 3 . 1 . Hauler 3 | . . . . . 2 1 . Recycler 6 | . . . . . 3 3 . Operator 2 | . 1 . . . . 1 . Watcher 9 | . 1 . . . 3 5 . Swarmer 8 | . . . . . 3 5 . Grunt 56 | . 10 2 . 5 17 22 . Brawler 2 | . . . . . . 2 . Duelist 1 | . . . . . 1 . . Protector 2 | . . . . . . 2 . Sentry 6 | . . . . . 4 2 . Hunter 2 | . . . . . . 2 . Programmer 13 | . . . . . . 13 . Best Kill Streak 10 | . 2 2 . 4 10 6 . Combat Bots Only 7 | . 2 2 . 2 7 4 . Max Kills in Single Turn 4 | . 1 1 . 2 4 4 . Gunslinging . | . . . . . . . . Exploded 4 | . . . . 1 2 4 . Melee 1 | . . . . 1 1 . . Uniques/NPCs Destroyed . | . . . . . . . . Combat | -11 -10 -10 -10 -9 -8 -7 -7 -------- Run | Yrd Mat Min Exi Min Mat Fac Low Hostile Shots Fired 698 | . 59 8 . 22 231 369 9 Missed 216 | . 16 3 . 8 70 116 3 Damage Taken 7521 | . 529 127 . 218 2594 4035 18 Core 1338 | . 105 50 . 32 449 688 14 Absorbed by Shields 31 | . . . . . . 22 9 Redirected to Shielding 44 | . . . . . 29 15 . Core Remaining (%) 47 | 100 . . . 25 18 . . Volleys Fired 336 | . 58 6 . 10 50 212 . Largest 2 | . 2 2 . 2 2 2 . Hottest 130 | . 90 80 . 70 55 130 . Shots Fired 572 | . 105 12 . 15 60 380 . Gun 390 | . 105 12 . 5 46 222 . Cannon 151 | . . . . . . 151 . Launcher 29 | . . . . 10 14 5 . Special 2 | . . . . . . 2 . Kinetic 225 | . . . . . 46 179 . Thermal 208 | . 86 6 . . . 116 . Explosive 24 | . . . . 10 14 . . Electromagnetic 113 | . 19 6 . 5 . 83 . Robot Hit Streak 34 | . 12 8 . 4 11 34 . Robot Miss Streak 5 | . 5 3 . 1 3 5 . Penetration Max . | . . . . . . . . Secondary Targets 5 | . 2 . . . . 3 . Max Gunslinging Chain 1 | . 1 . . . . 1 . Shots Hit Robots 422 | . 66 8 . 5 85 258 . Core Hits 236 | . 24 5 . 12 52 143 . Critical Kills 3 | . . . . . 1 2 . Critical Parts Destroyed . | . . . . . . . . Critical Strikes 16 | . 2 1 . . 5 8 . Burn 2 | . 2 . . . . . . Meltdown 1 | . . . . . . 1 . Destroy 2 | . . . . . 1 1 . Blast 6 | . . . . . . 6 . Corrupt 1 | . . 1 . . . . . Sever 4 | . . . . . 4 . . Melee Attacks 81 | . . . . 1 78 2 . Impact 2 | . . . . . . 2 . Slashing 79 | . . . . 1 78 . . Piercing . | . . . . . . . . Sneak Attacks 6 | . . . . . 6 . . Combat Hostiles . | . . . . . . . . Follow-up Attacks 6 | . . . . . 6 . . Damage Inflicted 11744 | . 821 108 . 616 3840 6359 . Guns 4441 | . 821 108 . 15 597 2900 . Cannons 2643 | . . . . . . 2643 . Explosions 2943 | . . . . 569 1604 770 . Melee 1666 | . . . . 29 1637 . . Ramming 51 | . . . . 3 2 46 . Kinetic 3408 | . . . . . 597 2811 . Thermal 3461 | . 718 35 . . . 2708 . Explosive 2173 | . . . . 569 1604 . . Electromagnetic 985 | . 103 73 . 15 . 794 . Impact . | . . . . . . . . Slashing 1666 | . . . . 29 1637 . . Piercing . | . . . . . . . . Highest Corruption 25 | . . . . . 1 25 23 Average Corruption 13 | . . . . . 1 15 23 Corruption Purged 9 | . . . . . . 9 . Corruption Blocked . | . . . . . . . . Effects 316 | . . . . . 5 289 22 Message Errors 63 | . . . . . . 59 4 Matter Fused 83 | . . . . . . 75 8 Heat Flow Errors 33 | . . . . . 1 28 4 Energy Discharges 40 | . . . . . 2 37 1 Parts Rejected 4 | . . . . . 1 3 . Parts Fused 2 | . . . . . . 2 . Data Loss (minor) 39 | . . . . . . 34 5 Data Loss (major) 14 | . . . . . . 14 . Misfires 14 | . . . . . . 14 . Alerts 10 | . . . . . 1 9 . Misdirections 4 | . . . . . . 4 . Weapon Failures 10 | . . . . . . 10 . Overload Shots . | . . . . . . . . Overflow Damage 262 | . . . . . 165 97 . Projectiles 69 | . . . . . . 69 . Explosions 52 | . . . . . 24 28 . Melee 141 | . . . . . 141 . . Knockbacks 17 | . . . . . . 17 . Impact . | . . . . . . . . Kinetic 15 | . . . . . . 15 . Secondary 2 | . . . . . . 2 . Self-Inflicted Damage 341 | . . . . 67 108 166 . Shots 11 | . . . . 2 3 6 . Rammed 11 | . . . . 1 . 10 . Targets Rammed 14 | . . . . 1 1 12 . Kicked 1 | . . . . . 1 . . Crushed 2 | . . . . . . 2 . Highest Temperature 393 | . 393 174 . 69 246 297 222 Average Temperature 81 | . 123 90 . 27 39 67 88 Received Heat Transfer 2775 | . 306 42 . 98 1323 1002 4 Effects 6 | . 3 . . . . 3 . Shutdowns 1 | . 1 . . . . . . Energy Bleed 2 | . 2 . . . . . . Interference 3 | . . . . . . 3 . Siege Activations . | . . . . . . . . Robots Corrupted . | . . . . . . . . Combat Hostiles . | . . . . . . . . Parts Fried 6 | . . . . . . 6 . Impact Corruptions . | . . . . . . . . Robots Melted 2 | . 1 . . . . 1 . Combat Hostiles 2 | . 1 . . . . 1 . Parts Melted 13 | . 6 . . . . 7 . Heat Transferred 4639 | . 2041 75 . . . 2523 . Parts Sabotaged . | . . . . . . . . Parts Stolen . | . . . . . . . . Parts Stripped . | . . . . . . . . Power Chain Reactions . | . . . . . . . . Alert | -11 -10 -10 -10 -9 -8 -7 -7 ------- Run | Yrd Mat Min Exi Min Mat Fac Low Peak Influence 870 | . 154 65 . 171 420 870 . Initial 179 | . . 7 . . 66 179 . Average 142 | . 53 32 . 23 89 219 . Maximum Alert Level 3 | . . . . . 2 3 . Low Security (%) 74 | 100 100 100 . 100 85 55 . Level 1 17 | . . . . . 12 30 . Level 2 4 | . . . . . 2 7 . Level 3 3 | . . . . . . 6 . Level 4 . | . . . . . . . . Level 5 . | . . . . . . . . High Security . | . . . . . . . . Max Security . | . . . . . . . . Squads Dispatched 23 | . 2 . . 1 3 17 . Investigation 2 | . 1 . . . . 1 . Extermination 11 | . . . . . . 11 . Reinforcement 7 | . 1 . . 1 3 2 . Assault 3 | . . . . . . 3 . Garrison . | . . . . . . . . Intercept . | . . . . . . . . Searches Triggered . | . . . . . . . . Construction Impeded 4 | . . . . 1 2 1 . Haulers Reinforced . | . . . . . . . . Active Scanning Responses . | . . . . . . . . Cargo Convoy Interrupts . | . . . . . . . . Stealth | -11 -10 -10 -10 -9 -8 -7 -7 --------- Run | Yrd Mat Min Exi Min Mat Fac Low Distress Signals 10 | . 3 . . 1 3 3 . Communications Jammed 2 | . . . . . . 2 . Distress Signals 2 | . . . . . . 2 . Times Spotted 147 | . 17 2 . 8 40 78 2 Peak Tracking Total 7 | . 3 2 . 4 7 6 3 Tactical Retreats 5 | . 2 . . . 2 1 . Traps | -11 -10 -10 -10 -9 -8 -7 -7 ------- Run | Yrd Mat Min Exi Min Mat Fac Low Traps Triggered 6 | . . 2 . . 1 3 . Indirectly . | . . . . . . . . Trap Hack Attempts 3 | . . . . . 3 . . Triggered . | . . . . . . . . Disarmed . | . . . . . . . . Reprogrammed 2 | . . . . . 2 . . Reused 1 | . . . . . . 1 . Traps Extracted 2 | . . . . . 2 . . Installed 3 | . . . . . . 2 1 Triggered 3 | . . . . . . 2 1 Most Traps Carried 2 | . . . . . 2 2 . Machines | -11 -10 -10 -10 -9 -8 -7 -7 ---------- Run | Yrd Mat Min Exi Min Mat Fac Low Machines Disabled 7 | . . 1 . 1 . 5 . Max in Single Turn 2 | . . 1 . 1 . 2 . Garrison Access 1 | . . . . . . 1 . Machines Repaired . | . . . . . . . . Machines Dismantled . | . . . . . . . . Machines Sabotaged . | . . . . . . . . Overloaded Fab Kills . | . . . . . . . . Hacking | -11 -10 -10 -10 -9 -8 -7 -7 --------- Run | Yrd Mat Min Exi Min Mat Fac Low Machines Accessed 35 | . 8 1 2 1 6 16 1 Terminals 24 | . 7 . . 1 4 12 . Fabricators . | . . . . . . . . Repair Stations 2 | . . . . . . 2 . Recycling Units 4 | . 1 . . . 1 2 . Scanalyzers 1 | . . . . . 1 . . Garrison Access . | . . . . . . . . Total Hacks 101 | . 21 1 5 2 19 50 3 Successful 61 | . 11 1 5 . 12 29 3 Failed 40 | . 10 . . 2 7 21 . Catastrophic 3 | . . . . 1 2 . . Database Lockouts . | . . . . . . . . Manual 71 | . 18 . 1 2 12 38 . Terminals 65 | . 18 . . 2 9 36 . Fabricators . | . . . . . . . . Repair Stations 6 | . . . . . . 6 . Recycling Units 15 | . 3 . . . 4 8 . Scanalyzers 6 | . . . . . 6 . . Garrison Access . | . . . . . . . . Terminal Hacks 17 | . 4 1 5 . . 4 3 Record 8 | . 1 . 4 . . . 3 Robot Analysis 2 | . 2 . . . . . . Open Door 1 | . . 1 . . . . . Open DSF 2 | . . . . . . 2 . Branch Access Points 1 | . 1 . . . . . . Alert Level 1 | . . . . . . 1 . Unreport Threat 1 | . . . . . . 1 . Derelict Proto ID Bank 1 | . . . 1 . . . . Fabricator Hacks . | . . . . . . . . Repair Station Hacks 2 | . . . . . . 2 . Scan Component 2 | . . . . . . 2 . Recycling Unit Hacks 6 | . 1 . . . 1 4 . Report Inventory 3 | . 1 . . . . 2 . Retrieve Components 3 | . . . . . 1 2 . Scanalyzer 6 | . . . . . 6 . . Insert Component 3 | . . . . . 3 . . Analyze 3 | . . . . . 3 . . Garrison Access Hacks . | . . . . . . . . Unauthorized Hacks 30 | . 6 . . . 5 19 . Terminals 25 | . 5 . . . 5 15 . Assimilate 4 | . . . . . 1 3 . Botnet 16 | . 5 . . . 2 9 . Disrupt 1 | . . . . . 1 . . Operators 2 | . . . . . 1 1 . Skim 2 | . . . . . . 2 . Fabricators . | . . . . . . . . Repair Stations . | . . . . . . . . Recycling Units 5 | . 1 . . . . 4 . Monitor 1 | . . . . . . 1 . Reject 1 | . . . . . . 1 . Recyclers 1 | . . . . . . 1 . Mask 1 | . . . . . . 1 . Tunnel 1 | . 1 . . . . . . Scanalyzers . | . . . . . . . . Garrison Access . | . . . . . . . . Data Cores Recovered . | . . . . . . . . Used . | . . . . . . . . Hacking Detections 29 | . 8 . . 1 6 14 . Full Trace Events 3 | . . . . . 2 1 . Feedback Events 1 | . . . . . 1 . . Corruption 1 | . . . . . 1 . . Feedback Blocked . | . . . . . . . . Robot Schematics Acquired . | . . . . . . . . Robots Built . | . . . . . . . . Authchips . | . . . . . . . . Time . | . . . . . . . . Total Robot Build Rating . | . . . . . . . . Part Schematics Acquired 3 | . . . . . 3 . . Parts Built . | . . . . . . . . Authchips . | . . . . . . . . Time . | . . . . . . . . Total Part Build Rating . | . . . . . . . . Parts Repaired . | . . . . . . . . Time . | . . . . . . . . Parts Recycled . | . . . . . . . . Recycled Matter . | . . . . . . . . Retrieved Matter . | . . . . . . . . Retrieved Components 26 | . . . . . 10 16 . Parts Scanalyzed 3 | . . . . . 3 . . Part Schematics Acquired 3 | . . . . . 3 . . Parts Damaged . | . . . . . . . . Bothacking | -11 -10 -10 -10 -9 -8 -7 -7 ------------ Run | Yrd Mat Min Exi Min Mat Fac Low Used RIF Installer . | . . . . . . . . Robots Hacked . | . . . . . . . . Non-combat . | . . . . . . . . Combat . | . . . . . . . . Robot Hacks Applied . | . . . . . . . . Relay Couplers Released 4 | . . . . . . 4 . Machine Destruction 1 | . . . . . . 1 . Programmers 3 | . . . . . . 3 . Fabnet Peak Effective % . | . . . . . . . . Robots Rewired . | . . . . . . . . Allies Hacked . | . . . . . . . . Hacks Repelled . | . . . . . . . . Allies | -11 -10 -10 -10 -9 -8 -7 -7 -------- Run | Yrd Mat Min Exi Min Mat Fac Low Total Allies 4 | . . 3 . . . 1 . Largest Group 3 | . . 3 3 3 . 1 . Highest-Rated Group 40 | . . 40 40 40 . 10 . Highest-Rated Ally 16 | . . 16 16 16 . 10 . Total Orders 6 | . . . . . . 6 . STAY 3 | . . . . . . 3 . FOLLOW 3 | . . . . . . 3 . Ally Attacks 29 | . . . . 29 . . . Total Damage 345 | . . . . 345 . . . Kills 7 | . . . . 7 . . . Allies Corrupted . | . . . . . . . . Allies Melted . | . . . . . . . . Intel | -11 -10 -10 -10 -9 -8 -7 -7 ------- Run | Yrd Mat Min Exi Min Mat Fac Low Robot Analysis Total 2 | . 2 . . . . . . Derelict Logs Recovered 4 | . . 2 . 1 . . 1 Drone Launches . | . . . . . . . . Drone Recoveries . | . . . . . . . . Exploration | -11 -10 -10 -10 -9 -8 -7 -7 ------------- Run | Yrd Mat Min Exi Min Mat Fac Low Turns Passed 16115 | 2 1838 773 1564 1879 2088 7465 506 Spaces Moved 6903 | 2 866 463 417 333 934 3657 231 Core 308 | . . . . . 4 73 231 Treads 2995 | . 717 463 417 320 29 1049 . Legs 1162 | 2 . . . . 47 1113 . Wheels 210 | . 149 . . 13 48 . . Hover 2179 | . . . . . 806 1373 . Flight 49 | . . . . . . 49 . Fastest Speed 50 | 120 90 160 160 380 73 50 50 Average Speed 202 | 120 148 160 371 552 153 182 214 Slowest Speed 700 | 120 160 160 560 560 550 700 250 Overloaded Moves . | . . . . . . . . Propulsion Burnouts . | . . . . . . . . Robots Hopped . | . . . . . . . . Cave-ins Triggered . | . . . . . . . . Exploration Rate (%) 59 | 1 98 91 70 79 63 48 23 Regions Visited 7 Branch Regions 4 Pre-discovered Areas 2 | . 1 . 1 . . . . Known Exits Taken 2 | . 1 . . . 1 . . Unknown Exits Taken 5 | 1 . 1 1 1 . 1 . Scrap Searched 3 | . . 1 . 1 . . 1 Spaces Dug 15 | . . . . 5 8 2 . Terrain Destroyed 210 | . . . . 76 80 54 . Melee 10 | . . . . . 8 2 . Projectile 21 | . . . . . . 21 . AOE 179 | . . . . 76 72 31 . Terrain Rammed . | . . . . . . . . Walls Destroyed . | . . . . . . . . Machines Disabled . | . . . . . . . . Actions | -11 -10 -10 -10 -9 -8 -7 -7 --------- Run | Yrd Mat Min Exi Min Mat Fac Low Total 8365 | 1 1312 486 434 351 1437 4102 242 Wait 681 | . 350 4 . 4 276 44 3 Move 6896 | 1 865 462 416 332 933 3656 231 Hop . | . . . . . . . . Pick Up 99 | . 15 5 15 . 29 35 . Fast Attach 84 | . 6 . 1 . 23 49 5 Attach 34 | . 3 1 . 1 12 17 . Detach 8 | . . . . . 3 4 1 Swap 41 | . 5 3 . 2 16 15 . Drop 96 | . 10 5 2 . 24 54 1 Fire 336 | . 58 6 . 10 50 212 . Melee 70 | . . . . 1 67 2 . Ram 3 | . . . . . . 3 . Kick 1 | . . . . . 1 . . Crush 10 | . . . . 1 . 9 . Escape Stasis . | . . . . . . . . Rewire . | . . . . . . . . Trap 6 | . . . . . 3 2 1 Miscellaneous . | . . . . . . . . Route ------- -11/Scrapyard -10/Materials (discovered 5 exits: [*Mat x3] / *Min x2) -10/Mines (discovered 3 exits: [*Mat x2] / *Exi) -10/Exiles -9/Mines (discovered 2 exits: *Mat x2) -8/Materials (discovered 2 exits: *Fac x2) -7/Factory -7/Lower Caves History --------- Turn | Location | Event 1 | -11/Scrapyard | Discovered new exit (range 1) 3 | -11/Scrapyard | Entered Materials 303 | -10/Materials | Discovered new exit (range 6) 316 | -10/Materials | Build established: Mutant 522 | -10/Materials | Discovered new exit (range 13) 644 | -10/Materials | Discovered new exit (range 5) 1112 | -10/Materials | Discovered new exit (range 16) 1673 | -10/Materials | Discovered new exit (range 6) 1779 | -10/Materials | Identified exit to Mines 1841 | -10/Materials | Entered Mines 1856 | -10/Mines | Core integrity fell below 50% 2129 | -10/Mines | Discovered new exit (range 10) 2402 | -10/Mines | Met a Derelict who couldn't figure out how to use a Trap Extractor 2546 | -10/Mines | Discovered new exit (range 12) 2570 | -10/Mines | Assisted by bots powering up and referring to "LRC-V3" 2596 | -10/Mines | Learned 8 Materials zone layouts 2602 | -10/Mines | Deemed a non-threat by the Exiles lab entrance 2602 | -10/Mines | Discovered new exit (range 5) 2614 | -10/Mines | Entered Exiles 2614 | -10/Exiles | Accompanied by 3 allies 2654 | -10/Exiles | Met 8R-AWN 2680 | -10/Exiles | Met EX-HEX 2741 | -10/Exiles | Met EX-DEC 2816 | -10/Exiles | Learned location of Zion (-7) 3216 | -10/Exiles | Build established: Hauler-Mutant 3432 | -10/Exiles | Met EX-BIN 3499 | -10/Exiles | Aligned with FarCom system 3505 | -10/Exiles | Given EX-Vault access code 3633 | -10/Exiles | Opened EX-Vault 3661 | -10/Exiles | Found Cloak of Protection 3763 | -10/Exiles | Warned to stay clear of 0b10 Research branches 4127 | -10/Exiles | Discovered new exit (range 10) 4178 | -10/Exiles | Left Exiles lab with Cloak of Protection 4178 | -10/Exiles | Entered Mines 4178 | -9/Mines | Accompanied by 3 allies 5692 | -9/Mines | Excavation squad dispatched 5692 | -9/Mines | A large section of the Mines collapsed 5942 | -9/Mines | Excavation squad dispatched 5987 | -9/Mines | Discovered new exit (range 15) 5993 | -9/Mines | Discovered new exit (range 14) 6057 | -9/Mines | Entered Materials 6057 | -8/Materials | Evolved 4 slots: Propulsion x4 6058 | -8/Materials | Identified exit to Factory 6366 | -8/Materials | Build established: Scavenger-Mutant 6518 | -8/Materials | Discovered exit to Factory (range 12) 7520 | -8/Materials | Lost 5 parts (5n) 7759 | -8/Materials | Build established: Mutant 7905 | -8/Materials | Destroyed 7 combat bots 7913 | -8/Materials | Core integrity fell below 50% 7964 | -8/Materials | Lost 6 parts (2n1u3w) 7986 | -8/Materials | Core integrity fell below 20% 8145 | -8/Materials | Entered Factory 8145 | -7/Factory | Evolved 2 slots: Utility x2 8283 | -7/Factory | Lost 7 parts (6n1w) 8574 | -7/Factory | Build established: Scavenger-Mutant 11172 | -7/Factory | System corruption reached 10% 11205 | -7/Factory | Lost 7 parts (1p4n2u) 11462 | -7/Factory | Build established: Mutant 12693 | -7/Factory | Lost 3 parts (1n1u1w) 14384 | -7/Factory | Core integrity fell below 50% 14945 | -7/Factory | First assault squad dispatched 15439 | -7/Factory | Discovered new exit (range 13) 15603 | -7/Factory | Core integrity fell below 20% 15610 | -7/Factory | Entered Lower Caves 15633 | -7/Lower Caves | Lost 3 parts (1n1u1w) 15638 | -7/Lower Caves | Learned Factory interactive machine intel 15777 | -7/Lower Caves | Learned Research emergency access door positions 15777 | -7/Lower Caves | Learned Extension emergency access door positions 15777 | -7/Lower Caves | Learned Research terminal intel 16005 | -7/Lower Caves | Build established: Gladiator 16116 | -7/Lower Caves | Destroyed by Y-54 Guardian with Flak Gun Last Messages --------------- 15855_ System corrupted: Heat flow error (+116). 15867_ Installed Fire Trap. 15870_ System corrupted: Component data lost. 15915_ System corrupted: Matter fused (-9). 15939_ K/%&>JRKG#CJCGCY2M,CSEQT|&NPWRRA 15968_ System corrupted: Heat flow error (+156). 16001_ 4/EQRUU3AXV O